[Event "Istanbul Open 2018"]
[Site "Istanbul"]
[Date "2018.09.02"]
[Round "1"]
[White "Darban, Morteza"]
[Black "Oztekin, Kerem Can"]
[Result "1-0"]
[ECO "A00"]
[WhiteElo "2333"]
[BlackElo "1943"]
[Annotator "NA"]
[PlyCount "97"]
[EventDate "2018.09.02"]
[EventType "swiss"]
[EventCountry "TUR"]
[SourceTitle "playchess.com"]
[Source "ChessBase"]
[SourceQuality "1"]
[TimeControl "5400+30"]

1. g3 e5 2. Bg2 Nf6 3. d3 Nc6 4. c3 {[%emt 0:06:30] A00: Unregelmäßige Eröffnungen} (4. Nf3 d5 5. O-O Be7 6. Nc3 d4 7. Nb1 O-O 8. c3 Re8 9. a3 a5 10. a4 Nd5 11. Qc2 Bf6 12. e4 dxe3 13. fxe3 e4 14. dxe4 {½-½ (22) Movsesian,S (2747)-Wang,H (2696) Dagomys 2009}) 4... a5 5. Nf3 d5 6. O-O Bc5 {[%emt 0:03:30] LiveBook: 4 Games} 7. d4 exd4 8. cxd4 Be7 9. Nc3 O-O 10. Ne5 Na7 $146 ({Vorgänger:} 10... Nb4 11. a3 Na6 12. Qb3 c6 13. Rd1 Nc7 14. e4 dxe4 15. Nxe4 {0-1 (38) Dixon,C-May,F (2241) Gwbert on Sea 2001}) 11. Bg5 c6 12. e3 Nd7 13. Bxe7 Qxe7 14. Nd3 Nf6 15. Qb3 Bf5 16. Nc5 Rfb8 17. Rfe1 b6 18. N5a4 b5 19. Nc5 b4 20. N3a4 Nb5 21. Rac1 Re8 22. Nd3 Qd6 23. Ne5 Ra6 24. Bf1 Ng4 25. Nxg4 Bxg4 26. Qc2 Bf3 27. Nc5 Ra7 28. Qf5 Qf6 29. Qxf6 gxf6 30. Bh3 Ree7 31. Nd3 Rac7 (31... Rec7 $16 {war einen Versuch wert.} 32. Rc5 Be4) 32. Rc5 Ra7 33. Rcc1 Rac7 34. Rc5 Be4 35. Nf4 Nd6 36. Nh5 f5 37. Rec1 Nc4 38. Nf6+ Kg7 39. Nxe4 fxe4 40. b3 Nd2 41. Bg4 a4 42. bxa4 $2 {[%emt 0:00:19] [#]} (42. Rd1 $18 Nf3+ 43. Kg2) 42... Ra7 $2 (42... b3 $1 $17 {[%cal Rb3b2] und es läuft.} 43. axb3 Nxb3) 43. Bd1 ({Don't play} 43. Rxc6 $6 Rxa4 44. R1c2 Nb1 $16) 43... Reb7 44. Bb3 Nf3+ 45. Kg2 h5 46. h4 Rb6 47. Rxc6 Rxc6 $18 48. Rxc6 Rd7 49. Rc5 1-0

[Event "Istanbul Open 2018"]
[Site "Istanbul"]
[Date "2018.09.02"]
[Round "1"]
[White "Mohannad, Farhan"]
[Black "Aydin, Kaan Ayhan"]
[Result "1-0"]
[ECO "E15"]
[WhiteElo "2201"]
[BlackElo "1877"]
[Annotator "NA"]
[PlyCount "173"]
[EventDate "2018.09.02"]
[EventType "swiss"]
[EventCountry "TUR"]
[SourceTitle "playchess.com"]
[Source "ChessBase"]
[SourceQuality "1"]
[TimeControl "5400+30"]

1. d4 Nf6 2. c4 e6 3. Nf3 b6 4. g3 Ba6 5. Qa4 c5 6. Bg2 Bb7 7. dxc5 Bxc5 8. O-O O-O 9. Nc3 Be7 10. Rd1 Na6 {[%emt 0:01:30] E15: Damenindisch (Hauptfortsetzung, Abweichungen)} 11. Bf4 Qc8 12. Rac1 Nc5 13. Qc2 {[%emt 0:00:30] LiveBook: 97 Games} d5 (13... Nce4 $11) 14. Nb5 Ne8 $146 ({Vorgänger:} 14... dxc4 15. Bd6 Be4 16. Qxc4 Bd5 17. Qf4 Bxd6 18. Nxd6 {½-½ (77) Huebner,R (2605)-Urday Caceres,H (2470) Moscow 1994}) 15. cxd5 Bxd5 16. b4 Qa6 17. bxc5 Qxb5 18. e4 Bb7 19. c6 Ba6 20. Nd4 Qa5 21. Nb3 (21. c7 $18) 21... Qh5 22. e5 Ba3 23. Rb1 Nc7 24. Nd4 Bc5 {[%emt 0:09:30] [#]} 25. Bf3 $1 Qh3 {[%emt 0:01:30] [#]} 26. Nb3 $1 Nd5 $2 (26... Ba3 {was worth a try.} 27. Nd2 Be7) 27. Nxc5 bxc5 28. Bg2 Qh5 29. Qxc5 Be2 30. Rdc1 Bf3 31. Bxf3 Qxf3 32. Rb3 Qe2 33. c7 h5 (33... h6 {ist eine bessere Verteidigung.} 34. Be3 Rfc8) 34. Bg5 Rfc8 35. Bd8 $2 (35. Qd6 $18 {bietet bessere Gewinnchancen.}) 35... Qxe5 (35... Qxa2 $142 36. Qb5 a5) 36. Qc6 g6 $2 (36... Qf5 37. Qd7 Kh7) 37. Qe8+ Kg7 38. Rf3 f5 39. Qd7+ Kh6 40. h4 Nf6 (40... Qg7 $142 41. Qd6 Qg8) 41. Qe7 Nd5 42. Qf7 Rxd8 43. cxd8=Q Rxd8 44. Qxa7 Qe4 45. Qa5 Rb8 46. Qd2+ f4 47. Qd3 Qe5 48. gxf4 Nxf4 $2 (48... Qf6 {ist eine bessere Verteidigung.} 49. Qe4 Rb4) 49. Qe3 Qxe3 50. Rxe3 Rb2 51. Ra1 g5 52. hxg5+ Kxg5 53. a4 Kg4 54. Raa3 h4 55. a5 Rb1+ 56. Kh2 Rb2 57. a6 Nd5 58. Re4+ Kf5 59. a7 Kxe4 60. a8=Q Rxf2+ 61. Kg1 Rf4 62. Qc6 Ke5 63. Ra2 Rg4+ 64. Kh1 Re4 65. Ra6 Kf5 66. Qe8 Nf4 67. Ra1 h3 68. Rg1 Re3 69. Rf1 e5 70. Qd7+ Ke4 71. Qd2 Rd3 72. Re1+ Kf3 73. Qh2 Kg4 74. Qc2 h2 75. Rxe5 Rg3 76. Qd1+ Kh4 77. Kxh2 Rh3+ 78. Kg1 Rg3+ 79. Kf1 Rh3 80. Qd8+ Kg4 81. Rg5+ Kf3 82. Qa8+ Ke3 83. Re5+ Kd2 84. Qd8+ Rd3 85. Qa5+ Kc1 86. Re1+ Kc2 87. Qa4+ 1-0

[Event "Istanbul Open 2018"]
[Site "Istanbul"]
[Date "2018.09.02"]
[Round "1"]
[White "Turan, Asim"]
[Black "Acarbay, Aydin"]
[Result "0-1"]
[ECO "D78"]
[WhiteElo "2108"]
[BlackElo "1894"]
[Annotator "NA"]
[PlyCount "82"]
[EventDate "2018.09.02"]
[EventType "swiss"]
[EventCountry "TUR"]
[SourceTitle "playchess.com"]
[Source "ChessBase"]
[SourceQuality "1"]
[TimeControl "5400+30"]

1. d4 d5 2. c4 c6 3. Nf3 Nf6 4. g3 g6 5. Bg2 Bg7 6. Qb3 O-O 7. O-O dxc4 8. Qxc4 Qb6 9. Nc3 Be6 10. Qa4 Qa6 {[%emt 0:02:30] D78: Grünfeldindisch (Fianchetto 6.0-0 c6)} (10... Na6 11. Rd1 Rfd8 12. h3 c5 13. dxc5 Nxc5 14. Rxd8+ Rxd8 15. Qa3 Nfe4 16. Be3 Nxc3 17. bxc3 Rc8 18. Ng5 Qc7 19. Qxa7 {1-0 (27) Wojtaszek,R (2705)-Melkumyan,H (2615) Warsaw 2011}) 11. Qc2 c5 $146 ({Vorgänger:} 11... Nd5 12. Bg5 h6 13. Bd2 Nd7 14. a3 N7f6 15. e4 Nxc3 16. Bxc3 Bc4 17. Rfd1 Qb5 18. b4 {½-½ (55) Grigorov,G (2510)-Erturan,Y (2374) Albena 2013}) 12. dxc5 Nc6 13. a3 Rfd8 14. Bf4 Qc4 15. Rac1 Qxc5 16. b4 Qh5 $1 17. b5 Nd4 $1 18. Nxd4 Rxd4 19. e3 Rc4 20. Qd1 g5 21. Be5 Ng4 22. h3 Bxe5 23. hxg4 Qxg4 24. Qxg4 Bxg4 25. Nd5 Rxc1 26. Rxc1 Bd6 27. a4 Rc8 28. Ra1 Kg7 29. e4 Bc5 30. e5 b6 31. a5 bxa5 32. Rxa5 Be2 33. Be4 $19 Rb8 34. Ne3 Bxe3 35. fxe3 Rxb5 36. Rxa7 Rxe5 37. Ra4 f5 38. Bc2 Rxe3 39. Ra5 Bd3 40. Bxd3 Rxg3+ 41. Kf2 Rxd3 0-1

[Event "Istanbul Open 2018"]
[Site "Istanbul"]
[Date "2018.09.02"]
[Round "1"]
[White "Abishli, Oghuz"]
[Black "Asgarov, Nihad"]
[Result "1/2-1/2"]
[ECO "D37"]
[WhiteElo "2099"]
[BlackElo "1937"]
[Annotator "NA"]
[PlyCount "87"]
[EventDate "2018.09.02"]
[EventType "swiss"]
[EventCountry "TUR"]
[SourceTitle "playchess.com"]
[Source "ChessBase"]
[SourceQuality "1"]
[TimeControl "5400+30"]

1. d4 d5 2. c4 e6 3. Nc3 Be7 4. Nf3 Nf6 5. Bf4 O-O 6. e3 c5 7. dxc5 Bxc5 8. Qc2 Qa5 9. Nd2 {[%emt 0:18:30] D37: Queen's Gambit Declined: 5 Bf4} (9. Be2 Bb4 10. O-O Bxc3 11. bxc3 Bd7 12. Qb2 Bc6 13. Qb4 Qxb4 14. cxb4 dxc4 15. Bxc4 Rc8 16. Rfc1 Nbd7 {½-½ (34) Bok,B (2608)-L'Ami,E (2605) Wijk aan Zee 2017}) 9... Bb4 {[%emt 0:04:30] LiveBook: 8 Games} 10. Bd3 Nc6 11. O-O Bxc3 12. bxc3 h6 13. Bd6 Rd8 14. c5 Ne8 15. Nb3 Qa3 $146 ({Predecessor:} 15... Qa4 16. Bg3 Bd7 {1-0 (42) Arakhamia Grant,K-Gaprindashvili,N (2475) Moscow 1987}) 16. Bg3 a5 17. Qc1 Qxc1 18. Rfxc1 a4 19. Nd4 Ra5 20. Bc2 Bd7 21. Rab1 Rxc5 22. Rxb7 Nxd4 23. exd4 Rcc8 24. a3 Kf8 25. Bd1 Nf6 26. f3 Be8 27. Rb4 Ra8 28. Be5 Rdc8 29. Be2 Kg8 30. Kf2 Nd7 31. Bd6 Rc6 32. Bf4 g5 33. Bb5 $14 Rb6 34. Bc7 Rxb5 35. Rxb5 Ne5 36. Bxe5 Bxb5 37. Rb1 Bc6 38. Rb4 Kh7 39. Rb6 Rc8 40. Rb8 Rxb8 41. Bxb8 Kg6 42. Ke3 Bb5 43. g3 Bc4 44. Bc7 1/2-1/2

[Event "Istanbul Open 2018"]
[Site "Istanbul"]
[Date "2018.09.02"]
[Round "1"]
[White "Guven, Oguz Kagan"]
[Black "Ozkan, Taha"]
[Result "1-0"]
[ECO "C15"]
[WhiteElo "2022"]
[BlackElo "1997"]
[Annotator "NA RC"]
[PlyCount "67"]
[EventDate "2018.09.02"]
[EventType "swiss"]
[EventCountry "TUR"]
[SourceTitle "playchess.com"]
[Source "ChessBase"]
[SourceQuality "1"]
[TimeControl "5400+30"]

1. e4 e6 2. d4 d5 3. Nc3 Bb4 4. Qd3 dxe4 5. Qxe4 Nf6 6. Qh4 O-O {[%emt 0:02:00] LiveBook: 4 Games} 7. Nf3 {[%emt 0:04:30] C15: French: 3 Nc3 Bb4: Unusual White 4th moves} (7. Bd3 Nc6 8. Nf3 Ne7 9. Bg5 Ng6 10. Bxg6 hxg6 11. O-O Be7 12. Rfe1 Re8 13. Ne5 Nh7 14. Bxe7 Qxe7 {0-1 (37) Smirin,I (2658)-Stupak,K (2542) Minsk 2015}) 7... Be7 8. Bd3 b6 $146 ({Predecessor:} 8... g6 9. Bg5 Nc6 10. O-O-O Nh5 11. g4 Nf4 12. Bxe7 Nxd3+ 13. Rxd3 Qxe7 14. Qg3 Qd6 {1-0 (25) San Marco,J (2125)-Barbat,V (1940) Paris 2002}) 9. Bg5 h6 10. Bxf6 Bxf6 11. Qe4 g6 12. Qxa8 Bd7 13. Qe4 Bc6 14. Qe2 Bxd4 15. Nxd4 Qxd4 16. Be4 e5 17. O-O Qd6 18. Rad1 Qf6 19. Rfe1 Rd8 20. Rxd8+ Qxd8 21. Rd1 Qf6 22. Qf3 Qxf3 23. Rd8+ Kg7 24. Bxf3 Bxf3 25. Rxb8 Bg4 26. Rb7 Bf5 27. Rxc7 Bxc2 28. Rxa7 Bd3 29. Rb7 e4 30. Rxb6 f5 $18 31. a4 g5 32. a5 f4 33. a6 Bxa6 34. Rxa6 1-0

[Event "Istanbul Open 2018"]
[Site "Istanbul"]
[Date "2018.09.02"]
[Round "1"]
[White "Tahaoglu, Ugur Barkin"]
[Black "Gaboyan, Susanna"]
[Result "1-0"]
[ECO "A45"]
[WhiteElo "1893"]
[BlackElo "2114"]
[Annotator "NA"]
[PlyCount "73"]
[EventDate "2018.09.02"]
[EventType "swiss"]
[EventCountry "TUR"]
[SourceTitle "playchess.com"]
[Source "ChessBase"]
[SourceQuality "1"]
[TimeControl "5400+30"]

1. d4 Nf6 2. Bf4 g6 3. Nc3 d5 {[%emt 0:00:00] A45: Trompowsky Attack} 4. e3 Bg7 5. h4 O-O (5... h5 6. Nf3 Bg4 7. Be2 Bxf3 8. Bxf3 c6 9. Qd2 Nbd7 10. O-O-O b5 11. Kb1 {½-½ (34) Aronian,L (2797)-Vachier Lagrave,M (2793) Caleta 2018}) 6. h5 Nxh5 7. Rxh5 {[%emt 0:01:30] LiveBook: 7 Games} gxh5 8. Qxh5 e6 9. Qh2 ({Auf keinen Fall} 9. Bd3 $6 f5 $14) 9... Nc6 $146 ({Predecessor:} 9... Na6 10. Nf3 c5 11. O-O-O {1-0 (58) Zeman,M (2203)-Aspiazu,M (2015) Montevideo 2017}) 10. Bxc7 Qf6 11. Nf3 a6 (11... Qh6 $16) 12. Bf4 Qg6 13. Bd3 f5 14. O-O-O Nb4 15. Be2 Nc6 16. Rh1 h6 17. Rg1 ({Weaker is} 17. Bxh6 Bxh6 18. Qxh6 Qxh6 $14) 17... b5 {[%emt 0:07:30] [#]} 18. g4 $18 fxg4 19. Bd3 Qf7 20. Bxh6 e5 21. Bh7+ Kxh7 22. Ng5+ Kg8 23. Nxf7 Rxf7 24. Bxg7 Rxg7 25. Nxd5 Be6 26. Nf6+ Kf7 27. dxe5 Rc8 28. Qf4 Ke7 29. Nd5+ Bxd5 30. Qf6+ Ke8 31. Qxg7 Nb4 32. c3 Nxa2+ 33. Kb1 b4 34. Rxg4 bxc3 35. Qh8+ Kd7 36. Rg7+ Ke6 37. Qxc8+ 1-0

[Event "Istanbul Open 2018"]
[Site "Istanbul"]
[Date "2018.09.02"]
[Round "1"]
[White "Ozsakallioglu, Akin"]
[Black "Aliakbarov, Anar"]
[Result "1-0"]
[ECO "C42"]
[WhiteElo "1861"]
[BlackElo "2322"]
[Annotator "ChessBase"]
[PlyCount "87"]
[EventDate "2018.09.02"]
[EventType "swiss"]
[EventCountry "TUR"]
[SourceTitle "playchess.com"]
[Source "ChessBase"]
[SourceQuality "1"]
[TimeControl "5400+30"]

1. e4 e5 2. Nf3 Nf6 3. Nxe5 d6 4. Nc4 Nxe4 5. Qe2 Qe7 6. Ne3 c6 7. b3 Qe5 8. c3 d5 9. Bb2 Be7 10. g3 O-O 11. Bg2 Re8 12. O-O Nd7 13. d3 Nef6 14. Nd2 Qc7 15. Nf3 a5 16. c4 dxc4 17. bxc4 a4 18. Rac1 Bf8 19. Qc2 g6 20. Rfd1 Bh6 21. Re1 b6 22. d4 Bb7 23. Qb1 Bg7 24. Ba3 c5 25. d5 Ne4 26. Bb2 Qd6 27. Bxg7 Kxg7 28. Nh4 Nxg3 29. hxg3 Kg8 30. Nf3 f6 31. Nc2 b5 32. Qxb5 Reb8 33. Re6 Qc7 34. Re7 Bc8 35. Qc6 Qxc6 36. dxc6 Nf8 37. Na3 Rb2 38. Rc2 Rab8 39. c7 R8b4 40. Re8 Bg4 41. c8=Q Bxc8 42. Rxc8 Rxc2 43. Nxc2 Rb2 44. Nfe1 1-0

[Event "Istanbul Open 2018"]
[Site "Istanbul"]
[Date "2018.09.02"]
[Round "1"]
[White "Dinke, Abdullah"]
[Black "Nuri, Murad"]
[Result "0-1"]
[ECO "C50"]
[WhiteElo "1847"]
[BlackElo "2284"]
[Annotator "ChessBase"]
[PlyCount "92"]
[EventDate "2018.09.02"]
[EventType "swiss"]
[EventCountry "TUR"]
[SourceTitle "playchess.com"]
[Source "ChessBase"]
[SourceQuality "1"]
[TimeControl "5400+30"]

1. e4 e5 2. Nf3 Nc6 3. Bc4 Bc5 4. d3 Nf6 5. Nc3 d6 6. a3 a6 7. b4 Ba7 8. Nd5 Nxd5 9. Bxd5 Qf6 10. c3 Ne7 11. Bb3 h6 12. Be3 Ng6 13. Qd2 O-O 14. Bxa7 Rxa7 15. Qe3 Ra8 16. O-O Kh8 17. Ra2 Bg4 18. Bd1 Qe6 19. Rd2 f5 20. exf5 Bxf5 21. d4 e4 22. d5 Qf7 23. Ne1 Ne7 24. c4 b5 25. Be2 bxc4 26. Bxc4 Bh7 27. Nc2 Nf5 28. Qe2 a5 29. b5 Qf6 30. Rb1 e3 31. fxe3 Rae8 32. Bd3 Qg5 33. Bxf5 Rxf5 34. Qc4 Rxe3 35. Rbd1 Re7 36. h4 Qf6 37. Nd4 Rf4 38. Qc6 Bg8 39. Qa8 Kh7 40. Nf3 Qg6 41. Rf1 Re3 42. Rdf2 Rxa3 43. Kh2 Qh5 44. Qd8 Bxd5 45. Qxc7 Bxf3 46. gxf3 Rxh4+ 0-1

[Event "Istanbul Open 2018"]
[Site "Istanbul"]
[Date "2018.09.02"]
[Round "1"]
[White "Gundogan, Sinem Cagla"]
[Black "Olgun, Efe"]
[Result "1-0"]
[ECO "B24"]
[WhiteElo "1834"]
[BlackElo "1334"]
[Annotator "NA"]
[PlyCount "101"]
[EventDate "2018.09.02"]
[EventType "swiss"]
[EventCountry "TUR"]
[SourceTitle "playchess.com"]
[Source "ChessBase"]
[SourceQuality "1"]
[TimeControl "5400+30"]

1. e4 c5 2. Nc3 Nc6 3. g3 g6 4. Bg2 Bg7 5. d3 e6 6. Be3 Qa5 7. Qd2 {[%emt 0:02:30] B24: Closed Sicilian: 3 g3 sidelines} Nge7 (7... Nd4 8. Nf3 Ne7 9. O-O O-O 10. Nd5 Nec6 11. Ne7+ Kh8 12. Nxc6 Qxd2 13. Nxd2 dxc6 14. c3 e5 15. f4 Nc2 16. Bxc5 Nxa1 17. Bxf8 Bxf8 18. Rxa1 {½-½ (38) Kazakov,M (2474)-Truskavetsky,A (2412) Alushta 2006}) 8. Bh6 O-O 9. Bxg7 Kxg7 10. h4 h5 {[%emt 0:04:30] [#]} 11. g4 $1 $146 ({Predecessor:} 11. Nce2 Qxd2+ 12. Kxd2 d5 13. exd5 Nxd5 14. Bxd5 exd5 {½-½ (51) Cruz,P (2003)-Leonardo,J (2299) Lisbon 1999}) 11... hxg4 12. h5 Rh8 13. h6+ Kf8 14. h7 f6 15. Qh6+ Kf7 {[%emt 0:00:30] [#]} 16. O-O-O $1 Rb8 {[%emt 0:08:30] [#]} (16... b5 $16) 17. f3 $1 d5 $2 (17... g3 {was worth a try.}) 18. exd5 (18. fxg4 $142 d4 {[#]} 19. e5 $1 dxc3 20. exf6 Kxf6 21. Rf1+ Nf5 22. bxc3) 18... Nxd5 19. Nxd5 exd5 20. Kb1 (20. fxg4 $142 Qxa2 21. Nh3) 20... Qa4 21. Rd2 (21. Ne2 $142 Nb4 22. Nf4) 21... Ne7 22. d4 ({Better is} 22. fxg4 $16 Qxg4 23. Re2) 22... Qc6 (22... g3 $14) 23. Qf4 gxf3 24. Qxb8 fxg2 25. Rxg2 Qa6 26. Nf3 cxd4 27. Nxd4 Qb6 28. Qf4 Nf5 29. Nf3 Bd7 30. Re2 d4 $18 (30... Qd6 $1 $14 31. Qxd6 Nxd6) 31. a3 Bc6 32. Ne5+ fxe5 33. Qxe5 Qd8 34. Rg1 Qf6 35. Qc7+ Kf8 36. Rge1 Qd6 37. Qa5 Rxh7 38. Re6 Qd7 39. Rxg6 Rf7 40. Qc5+ Ne7 41. Rd6 Qc7 42. Qxd4 Kg8 43. Rg1+ Kf8 44. Rd8+ Be8 45. Qh8+ Ng8 46. Qxg8+ Ke7 47. Qxe8+ Kf6 48. Qh8+ Ke6 49. Re1+ Kf5 50. Rf1+ Kg5 51. Rg8+ 1-0

[Event "Istanbul Open 2018"]
[Site "Istanbul"]
[Date "2018.09.02"]
[Round "1"]
[White "Yetkin, Ayhan"]
[Black "Khalilov, Emin"]
[Result "1-0"]
[ECO "D38"]
[WhiteElo "1801"]
[BlackElo "1528"]
[Annotator "NA"]
[PlyCount "59"]
[EventDate "2018.09.02"]
[EventType "swiss"]
[EventCountry "TUR"]
[SourceTitle "playchess.com"]
[Source "ChessBase"]
[SourceQuality "1"]
[TimeControl "5400+30"]

1. d4 Nf6 2. c4 e6 3. Nf3 d5 4. Nc3 Bb4 5. Qa4+ Nc6 6. e3 O-O 7. Bd2 Bxc3 8. Bxc3 Ne4 9. Bd3 f5 10. Qc2 Nxc3 11. Qxc3 Ne7 12. O-O b6 13. Ne5 Bb7 14. f3 $14 Rc8 15. c5 c6 16. e4 b5 17. a4 a6 18. exf5 Nxf5 19. g4 Ne7 20. Qc2 g6 21. Qd2 Kg7 22. Rae1 Ng8 23. Kh1 Qe7 24. f4 Rce8 25. f5 gxf5 26. gxf5 Kh8 27. fxe6 Rxf1+ 28. Rxf1 Qxe6 29. Nf7+ Kg7 30. Qg5+ 1-0

[Event "Istanbul Open 2018"]
[Site "Istanbul"]
[Date "2018.09.02"]
[Round "1"]
[White "Kelpetin, Umut Can"]
[Black "Eryigit, Yakup"]
[Result "0-1"]
[ECO "B23"]
[WhiteElo "1798"]
[BlackElo "2030"]
[Annotator "NA"]
[PlyCount "44"]
[EventDate "2018.09.02"]
[EventType "swiss"]
[EventCountry "TUR"]
[SourceTitle "playchess.com"]
[Source "ChessBase"]
[SourceQuality "1"]
[TimeControl "5400+30"]

1. e4 c5 2. Nc3 Nc6 3. f4 e6 4. Nf3 d5 {[%emt 0:01:30] LiveBook: 480 Games} 5. exd5 exd5 6. Bb5 Nge7 7. Qe2 Qd6 8. d4 {[%emt 0:05:30] B23: Closed Sicilian: Lines without g3} cxd4 9. Nxd4 a6 (9... g6 10. Be3 Bg7 11. O-O-O O-O 12. Qf2 Bg4 13. Rde1 Rfe8 14. h3 Bd7 15. Bxc6 bxc6 {½-½ (25) Mons,L (2461)-Nijboer,F (2546) Germany 2017}) 10. Bxc6+ bxc6 11. O-O $146 ({Predecessor:} 11. Nb3 a5 12. Be3 a4 13. Nc5 Ra5 14. N5xa4 Rxa4 15. Nxa4 Qb4+ {1-0 (33) Ankur Mahesh,G (1576)-Soham,D (1815) Mumbai 2016}) 11... c5 12. Nf3 g6 13. Re1 Ra7 14. Qe5 (14. Qd2 $14) 14... Qxe5 15. Nxe5 Be6 16. g4 ({White should try} 16. b3 $14) 16... Bg7 17. f5 ({Besser ist} 17. Na4 $15) 17... gxf5 18. gxf5 Nxf5 19. Nxd5 $2 (19. Bf4) 19... Bxd5 20. Nc6+ (20. Ng6+ $142 Kd7 21. Nxh8) 20... Kd7 21. Nxa7 Bd4+ 22. Kf1 Rg8 $19 0-1

[Event "Istanbul Open 2018"]
[Site "Istanbul"]
[Date "2018.09.02"]
[Round "1"]
[White "Tinarlioglu, Emre"]
[Black "Idrisov, Tabriz"]
[Result "1-0"]
[ECO "A45"]
[WhiteElo "1796"]
[BlackElo "2171"]
[Annotator "NA"]
[PlyCount "53"]
[EventDate "2018.09.02"]
[EventType "swiss"]
[EventCountry "TUR"]
[SourceTitle "playchess.com"]
[Source "ChessBase"]
[SourceQuality "1"]
[TimeControl "5400+30"]

1. d4 Nf6 2. Bg5 Ne4 3. Bf4 c5 4. f3 Nf6 5. dxc5 Qa5+ 6. Nc3 Qxc5 7. e4 d6 8. Qd2 a6 {[%emt 0:02:30] A45: Trompowsky Attack} (8... Nbd7 9. Be3 Qc6 10. Nge2 e5 11. Nc1 Be7 12. Be2 O-O 13. a4 Nb6 14. N1a2 d5 15. Bb5 Qd6 16. a5 {1-0 (54) Vitiugov,N (2742)-Cheparinov,I (2682) Dubai 2014}) 9. O-O-O Nbd7 10. g4 h6 11. h4 b5 {[%emt 0:00:30] LiveBook: 3 Games} 12. Be3 Qc7 13. Nh3 e6 14. g5 Nh5 15. Rg1 $146 ({Predecessor:} 15. Bf2 Bb7 16. Be2 {½-½ (60) Costachi,M (2356)-Liu,Y (2364) Durban 2014}) 15... Ne5 16. Be2 (16. Qf2 $16) 16... Nc4 $2 (16... hxg5 $1 $11 {and Black is okay.} 17. hxg5 (17. Nxg5 f6 $14) 17... Bd7) 17. Bxc4 $1 Qxc4 18. Kb1 Bd7 19. Nf4 Nxf4 20. Bxf4 b4 21. Ne2 e5 22. gxh6 Bb5 23. hxg7 Bxg7 24. Rxg7 Qxe2 25. Qd5 O-O-O $18 26. Rxf7 Bd7 27. Bg5 1-0

[Event "Istanbul Open 2018"]
[Site "Istanbul"]
[Date "2018.09.02"]
[Round "1"]
[White "Acar, Cengiz Can"]
[Black "Ozbek, Ege"]
[Result "1-0"]
[ECO "A17"]
[WhiteElo "1755"]
[BlackElo "1564"]
[Annotator "NA"]
[PlyCount "75"]
[EventDate "2018.09.02"]
[EventType "swiss"]
[EventCountry "TUR"]
[SourceTitle "playchess.com"]
[Source "ChessBase"]
[SourceQuality "1"]
[TimeControl "5400+30"]

1. g3 d5 2. Bg2 Nf6 3. c4 e6 4. d4 c6 5. cxd5 exd5 6. Nc3 Bb4 7. Qb3 Bxc3+ 8. bxc3 O-O 9. Nf3 Nbd7 10. O-O Re8 11. e3 b6 12. Re1 Bb7 13. Bb2 Ne4 14. c4 Ndf6 15. Ne5 c5 16. Rad1 dxc4 17. Qxc4 Bd5 18. Qa4 Qc7 19. f3 Nd6 20. e4 Bb7 21. Bf1 a6 22. Qb3 Nd7 23. Nxd7 Qxd7 24. dxc5 bxc5 25. Qc3 f6 26. Qxc5 Rad8 27. Ba3 Re6 28. Bc4 Rc8 29. Bxe6+ Qxe6 30. Qxd6 Qh3 31. Rc1 Re8 32. Rc7 Bc8 33. Re7 Qh5 34. Qd5+ Qxd5 35. Rxe8+ Kf7 36. Rf8+ Kg6 37. exd5 Bb7 38. d6 1-0

[Event "Istanbul Open 2018"]
[Site "Istanbul"]
[Date "2018.09.02"]
[Round "1"]
[White "Oner, Arda Caner"]
[Black "Kavacik, Ahmet"]
[Result "0-1"]
[ECO "B01"]
[WhiteElo "1530"]
[BlackElo "1800"]
[Annotator "NA"]
[PlyCount "108"]
[EventDate "2018.09.02"]
[EventType "swiss"]
[EventCountry "TUR"]
[SourceTitle "playchess.com"]
[Source "ChessBase"]
[SourceQuality "1"]
[TimeControl "5400+30"]

1. e4 d5 2. exd5 Qxd5 3. Nc3 Qd8 4. Nf3 Bg4 5. Be2 {[%emt 0:01:30] B01: Scandinavian Defence} (5. h3 Bxf3 6. Qxf3 c6 7. Ne4 e6 8. d3 Nd7 9. Bf4 Ngf6 10. O-O-O Nb6 11. Be5 Be7 12. Qg3 O-O 13. Be2 Nbd7 14. Bc7 Qc8 15. c4 b5 {0-1 (58) Shirazi,K (2379)-Le Roux,J (2568) Le Port Marly 2014}) 5... Nf6 6. O-O e6 7. Re1 c6 8. h3 Bxf3 9. Bxf3 Bd6 10. d4 O-O 11. Ne4 Nxe4 $146 ({Predecessor:} 11... Be7 12. Nxf6+ Bxf6 {1-0 (67) Hulshof,P (2191)-Schaar,A (1981) Goch 2010}) 12. Bxe4 Nd7 13. a4 Qc7 14. a5 a6 15. c4 Nf6 16. Bf3 Bb4 17. Bd2 Bxd2 18. Qxd2 Rad8 19. Red1 Rd7 20. c5 Rfd8 21. Qb4 Qf4 22. Rd2 (22. Qb3 $15) 22... e5 23. Rad1 e4 24. d5 $17 cxd5 25. Rd4 Qc7 26. Be2 g6 27. Qc3 Ne8 28. b4 Ng7 29. Bg4 f5 30. Be2 Ne6 31. R4d2 Kf7 32. Qb3 Qe5 33. c6 bxc6 34. Bxa6 Rb8 35. Bf1 d4 36. Bc4 d3 37. a6 Ke7 38. Qa4 Qd6 39. Bxe6 Kxe6 40. a7 Ra8 41. Qb3+ Qd5 42. Qc3 Rdxa7 43. f3 Ra3 44. fxe4 fxe4 45. Qg7 Qd7 46. Qh6 Qd4+ 47. Kh1 e3 48. Rc2 Qe4 49. Qxh7 d2 50. Rf1 R8a7 51. Rxc6+ Qxc6 52. Qxg6+ Kd5 53. Qg8+ Ke4 54. Qe8+ Qxe8 0-1

[Event "Istanbul Open 2018"]
[Site "Istanbul"]
[Date "2018.09.02"]
[Round "1"]
[White "Mohamed Hany, Hassan Osman"]
[Black "Teymurov, Elnur"]
[Result "0-1"]
[ECO "D00"]
[WhiteElo "1527"]
[BlackElo "1823"]
[Annotator "NA"]
[PlyCount "122"]
[EventDate "2018.09.02"]
[EventType "swiss"]
[EventCountry "TUR"]
[SourceTitle "playchess.com"]
[Source "ChessBase"]
[SourceQuality "1"]
[TimeControl "5400+30"]

1. d4 d5 2. Bf4 Nf6 3. Nc3 e6 4. Qd2 Bd7 {[%emt 0:00:30] D00: 1 d4 d5: Unusual lines} 5. f3 (5. e3 a6 6. Bd3 c5 7. dxc5 Bxc5 8. Nf3 Bc6 9. Ne5 Bd6 10. O-O Qc7 11. Nxc6 Nxc6 12. Bxd6 Qxd6 {½-½ (44) Viennot,D (2263)-Caloone,T (2149) Belfort 2017}) 5... c5 6. e3 a6 $146 ({Predecessor:} 6... Nc6 7. Nge2 a6 8. g4 b5 9. Ng3 Qa5 10. h4 b4 11. Nd1 Be7 12. Nf2 c4 13. c3 bxc3 14. Qxc3 Bb4 {0-1 (14) Laubrock,P (1377)-Wastian,J (1409) Gross Doelln 2010}) 7. a4 Nc6 8. g4 Rc8 9. Nge2 cxd4 10. exd4 Bb4 11. Qd3 Qe7 12. h4 Bd6 13. Na2 $2 (13. Qd2 $15) 13... Bxf4 14. Nxf4 Nb4 15. Nxb4 Qxb4+ 16. c3 Qxb2 17. Rb1 Qxc3+ 18. Qxc3 Rxc3 19. g5 Ng8 20. Rxb7 Ne7 21. Nd3 Bc8 ({Stronger than} 21... Bxa4 22. Nc5 $14) 22. Rb8 O-O 23. Kd2 Ra3 24. Nc5 Nc6 25. Rb6 Nxd4 26. f4 {[%emt 0:01:30] [#]} e5 $1 27. fxe5 Bf5 28. Bxa6 Nf3+ 29. Ke2 Nxe5 30. Bb5 (30. Rb3 {was worth a try.} Ra2+ 31. Ke3) 30... d4 31. Rd6 $19 (31. Rf1 $142 Ra2+ 32. Ke1) 31... Ra2+ 32. Kf1 Bg4 33. Rg1 Bh3+ 34. Ke1 Nf3+ 35. Kd1 Nxg1 36. Rxd4 Nf3 37. Rd3 Ra1+ 38. Ke2 Bf1+ 39. Kxf3 Bxd3 40. Nxd3 Ra8 41. Nc5 Ra5 42. Ke4 Rxb5 43. axb5 Ra5 44. Nd7 Rxb5 45. Kf4 Rb4+ 46. Kg3 Rd4 47. Ne5 Re4 48. Nf3 Kf8 49. h5 Ke7 50. Nd2 Ra4 51. Nf3 Ke6 52. Nh4 Rxh4 53. Kxh4 Kf5 54. g6 fxg6 55. hxg6 hxg6 56. Kg3 Kg5 57. Kh3 Kf4 58. Kh4 g5+ 59. Kh3 Kf3 60. Kh2 g4 61. Kg1 Kg3 0-1